PA
WALLA WALLA WALLEYE @ COLUMBIA RIVER RATS
09/11/2026
 
TOP OF THE 1ST
Walla Walla Walleye batting - Pitching for Columbia River Rats : RHP Danial Apodaca
Pitching: RHP Danial Apodaca
Batting: RHB Alan Bryan 0-0: Ball
1-0: Called Strike
1-1: TRIPLE (Line Drive, 8RXD)
Batting: RHB José Mercado 0-0: Ball
1-0: Ball
Wild Pitch!
Alan Bryan scores
2-0: DOUBLE (Line Drive, 78XD)
Batting: RHB Jing-sheng Joo 0-0: Ball
1-0: Swinging Strike
1-1: Ball
2-1: Foul Ball, location: 2F
2-2: Strikes out swinging
Batting: RHB Isuru Tanaka 0-0: Ball
1-0: Ball
2-0: Ground out 6-3 (Groundball, 6)
Batting: LHB Gareth Monahan 0-0: Ball
1-0: Ball
2-0: Called Strike
2-1: Foul Ball, location: 2F
2-2: Foul Ball, location: 2F
2-2: Foul Ball, location: 2F
2-2: Ball
3-2: Foul Ball, location: 2F
3-2: Base on Balls
Batting: RHB Taylor Landis 0-0: Called Strike
0-1: Ball
1-1: Swinging Strike
1-2: Strikes out swinging
Top of the 1st over - 1 run(s), 2 hit(s), 0 error(s), 2 left on base; Walla Walla 1 - Columbia 0
BOTTOM OF THE 1ST
Columbia River Rats batting - Pitching for Walla Walla Walleye : RHP Nassim El-Badwi
Pitching: RHP Nassim El-Badwi
Batting: RHB Víctor Hernández 0-0: Called Strike
0-1: Ball
1-1: SINGLE (Groundball, 34D)
Batting: RHB Mario Jacome 0-0: Ball
1-0: Called Strike
Víctor Hernández is caught stealing 2nd base
1-1: Reached on error, E6 (Groundball, 6M)
Batting: RHB JoJo Victory 0-0: Called Strike
Mario Jacome is caught stealing 2nd base
0-1: Ball
1-1: Foul Ball, location: 2F
1-2: Ball
2-2: Fly out, F7 (Flyball, 7LDF)
Bottom of the 1st over - 0 run(s), 1 hit(s), 1 error(s), 0 left on base; Walla Walla 1 - Columbia 0
TOP OF THE 2ND
Walla Walla Walleye batting - Pitching for Columbia River Rats : RHP Danial Apodaca
Batting: RHB Kenneth Noid 0-0: SINGLE (Groundball, 5S) (infield hit)
Batting: RHB Icarus Giannopolous 0-0: Swinging Strike
0-1: Called Strike
0-2: Fly out, F8 (Flyball, 8RD)
Batting: RHB Joaquín Villarreal 0-0: Ball
1-0: Foul Ball, location: 2F
1-1: Ball
2-1: Foul Ball, location: 2F
2-2: Strikes out swinging
Batting: LHB Arnau Zabajeta 0-0: Swinging Strike
0-1: Ball
1-1: Ball
2-1: Ball
3-1: Fly out, F4 (Line Drive, 34D)
Top of the 2nd over - 0 run(s), 1 hit(s), 0 error(s), 1 left on base; Walla Walla 1 - Columbia 0
BOTTOM OF THE 2ND
Columbia River Rats batting - Pitching for Walla Walla Walleye : RHP Nassim El-Badwi
Now in LF: Arnau Zabajeta
Batting: SHB Mark Towns 0-0: Foul Ball, location: 2F
0-1: Ball
1-1: Called Strike
1-2: Ground out 5-3 (Groundball, 56)
Batting: SHB Robert Hillier 0-0: Ball
1-0: Swinging Strike
1-1: Fly out, F7 (Flyball, 7S)
Batting: RHB Paco Muñóz 0-0: Ball
1-0: Called Strike
1-1: Foul Ball, location: 2F
1-2: Ball
2-2: Ball
3-2: Base on Balls
Batting: RHB Richard Blackburn 0-0: Called Strike
0-1: Ball
1-1: Foul Ball, location: 2F
1-2: Strikes out swinging
Bottom of the 2nd over - 0 run(s), 0 hit(s), 0 error(s), 1 left on base; Walla Walla 1 - Columbia 0
TOP OF THE 3RD
Walla Walla Walleye batting - Pitching for Columbia River Rats : RHP Danial Apodaca
Batting: RHB José Mercado 0-0: Ground out 6-3 (Groundball, 6)
Batting: RHB Jing-sheng Joo 0-0: Ball
1-0: Called Strike
1-1: Ball
2-1: Ground out 4-3 (Groundball, 4M)
Batting: RHB Isuru Tanaka 0-0: Ball
1-0: Foul Ball, location: 2F
1-1: Called Strike
1-2: Strikes out swinging
Top of the 3rd over - 0 run(s), 0 hit(s), 0 error(s), 0 left on base; Walla Walla 1 - Columbia 0
BOTTOM OF THE 3RD
Columbia River Rats batting - Pitching for Walla Walla Walleye : RHP Nassim El-Badwi
Batting: RHB Fernando Arévalo 0-0: Fly out, F8 (Flyball, 8LD)
Batting: RHB Bill Tan 0-0: Ball
1-0: Called Strike
1-1: Ball
2-1: Fly out, F9 (Flyball, 89D)
Batting: RHB Víctor Hernández 0-0: Ground out 6-3 (Groundball, 6D)
Bottom of the 3rd over - 0 run(s), 0 hit(s), 0 error(s), 0 left on base; Walla Walla 1 - Columbia 0
TOP OF THE 4TH
Walla Walla Walleye batting - Pitching for Columbia River Rats : RHP Danial Apodaca
Batting: LHB Gareth Monahan 0-0: Ball
1-0: DOUBLE (Line Drive, 89D)
Batting: RHB Taylor Landis 0-0: Ball
1-0: Ball
2-0: Ball
3-0: Base on Balls
Batting: RHB Kenneth Noid 0-0: Ball
1-0: Ball
2-0: SINGLE (Groundball, 6D)
Gareth Monahan to third
Taylor Landis to second
Batting: RHB Icarus Giannopolous 0-0: Ball
1-0: Ball
2-0: Foul Ball, location: 2F
2-1: Fly out, F8 (Line Drive, 8RM)
Batting: RHB Joaquín Villarreal 0-0: Fielders Choice at 2nd, 6-4 (Groundball, 6)
Gareth Monahan scores
Taylor Landis to third
Batting: LHB Arnau Zabajeta 0-0: Called Strike
0-1: Ball
1-1: Ball
2-1: Fly out, F7 (Flyball, 7LS)
Top of the 4th over - 1 run(s), 2 hit(s), 0 error(s), 2 left on base; Walla Walla 2 - Columbia 0
BOTTOM OF THE 4TH
Columbia River Rats batting - Pitching for Walla Walla Walleye : RHP Nassim El-Badwi
Batting: RHB Mario Jacome 0-0: Called Strike
0-1: Swinging Strike
0-2: Foul Ball, location: 2F
0-2: Ball
1-2: Ball
2-2: Ball
3-2: Foul Ball, location: 2F
3-2: Foul Ball, location: 2F
3-2: Base on Balls
Batting: RHB JoJo Victory 0-0: Ball
1-0: Ball
2-0: Foul Ball, location: 2F
2-1: SINGLE (Line Drive, 6)
Mario Jacome to second
Batting: SHB Mark Towns 0-0: Ball
1-0: Ball
2-0: Swinging Strike
2-1: Ball
3-1: SINGLE (Groundball, 34) (infield hit)
Mario Jacome to third
JoJo Victory to second
Batting: SHB Robert Hillier 0-0: SINGLE (Groundball, 6MD)
Mario Jacome scores
JoJo Victory to third
Mark Towns to second
Runner from 3rd tries for Home, SAFE, no throw
Batting: RHB Paco Muñóz 0-0: Ball
1-0: Ball
2-0: Ball
3-0: Base on Balls
Mark Towns to third
Robert Hillier to second
Batting: RHB Richard Blackburn 0-0: Ball
1-0: Foul Ball, location: 2F
1-1: Fly out, F8 (Flyball, 8LM)
Runner from 3rd tags up, SCORES, throw made
Batting: RHB Fernando Arévalo 0-0: Ball
1-0: Ball
2-0: Called Strike
2-1: Grounds into double play, 5-4-3 (Groundball, 56)
Bottom of the 4th over - 3 run(s), 3 hit(s), 0 error(s), 1 left on base; Walla Walla 2 - Columbia 3
TOP OF THE 5TH
Walla Walla Walleye batting - Pitching for Columbia River Rats : RHP Danial Apodaca
Batting: RHB José Mercado 0-0: Ground out 5-3 (Groundball, 5S)
Batting: RHB Jing-sheng Joo 0-0: Ground out 4-3 (Groundball, 4)
Batting: RHB Isuru Tanaka 0-0: Called Strike
0-1: Ball
1-1: Foul Ball, location: 2F
1-2: Ball
2-2: Foul Ball, location: 2F
2-2: Foul Ball, location: 2F
2-2: Ball
3-2: SINGLE (Flyball, 7LM)
Batting: LHB Gareth Monahan 0-0: Called Strike
0-1: Swinging Strike
0-2: Ball
1-2: Strikes out swinging
Top of the 5th over - 0 run(s), 1 hit(s), 0 error(s), 1 left on base; Walla Walla 2 - Columbia 3
BOTTOM OF THE 5TH
Columbia River Rats batting - Pitching for Walla Walla Walleye : RHP Nassim El-Badwi
Batting: RHB Bill Tan 0-0: Ball
1-0: Ball
2-0: Ball
3-0: Base on Balls
Batting: RHB Víctor Hernández 0-0: Ball
1-0: Bunt missed!
1-1: Bunted foul
1-2: Ball
2-2: Reached on error, E5 (Groundball, 5L)
Bill Tan to third
Batting: RHB Mario Jacome 0-0: Ball
1-0: Foul Ball, location: 2F
1-1: Swinging Strike
1-2: Ball
2-2: Foul Ball, location: 2F
2-2: Fly out, F8 (Flyball, 89M)
Runner from 3rd tags up, SCORES, no throw
Batting: RHB JoJo Victory 0-0: Foul Ball, location: 2F
0-1: Foul Ball, location: 2F
0-2: Ball
1-2: Fly out, F8 (Flyball, 8RS)
Batting: SHB Mark Towns 0-0: Ball
1-0: Foul Ball, location: 2F
1-1: Foul Ball, location: 2F
1-2: Fly out, F4 (Popup, 4D)
Bottom of the 5th over - 1 run(s), 0 hit(s), 1 error(s), 1 left on base; Walla Walla 2 - Columbia 4
TOP OF THE 6TH
Walla Walla Walleye batting - Pitching for Columbia River Rats : RHP Danial Apodaca
Batting: RHB Taylor Landis 0-0: DOUBLE (Line Drive, 9LM)
Batting: RHB Kenneth Noid 0-0: Ball
1-0: Ball
2-0: Ball
3-0: Base on Balls
Pitching: LHP José Fuentes
Batting: RHB Icarus Giannopolous 0-0: Sac Bunt - play at first, batter OUT! 1-3
Taylor Landis to third
Kenneth Noid to second
Batting: RHB Joaquín Villarreal 0-0: Called Strike
0-1: Called Strike
0-2: Ball
1-2: Foul Ball, location: 2F
1-2: Ball
2-2: Ball
3-2: Foul Ball, location: 2F
3-2: Foul Ball, location: 2F
3-2: Base on Balls
Batting: LHB Arnau Zabajeta 0-0: Called Strike
0-1: Fielders Choice at 2nd, 4-6 (Groundball, 4)
Taylor Landis scores
Kenneth Noid to third
Batting: RHB José Mercado 0-0: Called Strike
0-1: Ball
Pickoff Throw to First - Out!
Top of the 6th over - 1 run(s), 1 hit(s), 0 error(s), 0 left on base; Walla Walla 3 - Columbia 4
BOTTOM OF THE 6TH
Columbia River Rats batting - Pitching for Walla Walla Walleye : RHP Nassim El-Badwi
Batting: SHB Robert Hillier 0-0: Called Strike
0-1: Foul Ball, location: 2F
0-2: Strikes out swinging
Batting: RHB Paco Muñóz 0-0: Called Strike
0-1: Ball
1-1: SINGLE (Flyball, 9S)
Batting: RHB Richard Blackburn 0-0: Called Strike
0-1: Foul Ball, location: 2F
0-2: Ball
1-2: Grounds into double play, 1-6-3 (Groundball, 13S)
Bottom of the 6th over - 0 run(s), 1 hit(s), 0 error(s), 0 left on base; Walla Walla 3 - Columbia 4
TOP OF THE 7TH
Walla Walla Walleye batting - Pitching for Columbia River Rats : LHP José Fuentes
Batting: RHB José Mercado 0-0: Called Strike
0-1: Ball
1-1: Swinging Strike
1-2: Ball
2-2: Foul Ball, location: 2F
2-2: Ball
3-2: Strikes out swinging
Batting: RHB Jing-sheng Joo 0-0: Ball
1-0: Ball
2-0: Foul Ball, location: 2F
2-1: SINGLE (Groundball, 6MD)
Batting: RHB Isuru Tanaka 0-0: Ball
1-0: Swinging Strike
1-1: Ball
2-1: Called Strike
2-2: Ball
3-2: Fly out, F9 (Flyball, 9LM)
Pinch Hitting: LHB Rim Hong-Do 0-0: Fly out, F7 (Flyball, 7LS)
Top of the 7th over - 0 run(s), 1 hit(s), 0 error(s), 1 left on base; Walla Walla 3 - Columbia 4
BOTTOM OF THE 7TH
Columbia River Rats batting - Pitching for Walla Walla Walleye : RHP Nassim El-Badwi
Now at 1B: Rim Hong-Do
Batting: RHB Fernando Arévalo 0-0: Ground out 5-3 (Groundball, 56)
Batting: RHB Bill Tan 0-0: Fly out, F8 (Flyball, 78M)
Batting: RHB Víctor Hernández 0-0: Ground out 5-3 (Groundball, 5L)
Bottom of the 7th over - 0 run(s), 0 hit(s), 0 error(s), 0 left on base; Walla Walla 3 - Columbia 4
TOP OF THE 8TH
Walla Walla Walleye batting - Pitching for Columbia River Rats : LHP José Fuentes
Pitching: LHP Jim Unknown
Now at SS: Gil Simmons
Batting: RHB Taylor Landis 0-0: Ball
1-0: Foul Ball, location: 2F
1-1: Ball
2-1: Ball
3-1: SINGLE (Line Drive, 8RS)
Pinch Runner at 1st Teofanía Contreras:
Batting: RHB Kenneth Noid 0-0: Ball
1-0: Sac Bunt - play at first, batter OUT! 1-3
Teofanía Contreras to second
Pinch Hitting: SHB António Zúñiga 0-0: Ball
1-0: Fly out, F4 (Popup, 4D)
Batting: RHB Joaquín Villarreal 0-0: Called Strike
0-1: Foul Ball, location: 2F
0-2: SINGLE (Line Drive, 9LS)
Teofanía Contreras to third
Runner from 3rd tries for Home, SAFE, no throw
Batting: LHB Arnau Zabajeta 0-0: Swinging Strike
0-1: Foul Ball, location: 2F
0-2: Ball
1-2: Strikes out swinging
Top of the 8th over - 1 run(s), 2 hit(s), 0 error(s), 1 left on base; Walla Walla 4 - Columbia 4
BOTTOM OF THE 8TH
Columbia River Rats batting - Pitching for Walla Walla Walleye : RHP Nassim El-Badwi
Pitching: RHP Bartolo Ruíz
Now at 2B: Teofanía Contreras
Now at 3B: Xu Lang
Batting: RHB Mario Jacome 0-0: Called Strike
0-1: Fly out, F2 (Popup, 3S)
Batting: RHB JoJo Victory 0-0: Foul Ball, location: 2F
0-1: Swinging Strike
0-2: Ball
1-2: Fly out, F8 (Line Drive, 8LM)
Batting: SHB Mark Towns 0-0: Swinging Strike
0-1: Ball
1-1: Foul Ball, location: 2F
1-2: Strikes out swinging
Bottom of the 8th over - 0 run(s), 0 hit(s), 0 error(s), 0 left on base; Walla Walla 4 - Columbia 4
TOP OF THE 9TH
Walla Walla Walleye batting - Pitching for Columbia River Rats : LHP Jim Unknown
Batting: RHB José Mercado 0-0: Called Strike
0-1: Ball
1-1: Ball
2-1: Reached on error, E4 (Groundball, 4)
Pinch Runner at 1st Javier Reyes:
Batting: RHB Jing-sheng Joo 0-0: Ball
1-0: Called Strike
1-1: Grounds into double play, 5-4-3 (Groundball, 5L)
Batting: RHB Isuru Tanaka 0-0: Foul Ball, location: 2F
0-1: Ball
1-1: Swinging Strike
1-2: Strikes out looking
Top of the 9th over - 0 run(s), 0 hit(s), 1 error(s), 0 left on base; Walla Walla 4 - Columbia 4
BOTTOM OF THE 9TH
Columbia River Rats batting - Pitching for Walla Walla Walleye : RHP Bartolo Ruíz
Pitching: LHP Won-min Yi
Now in LF: Javier Reyes
Pinch Hitting: RHB Marcos Rico 0-0: Called Strike
0-1: Ball
1-1: Swinging Strike
1-2: SINGLE (Line Drive, 89M)
Batting: RHB Paco Muñóz 0-0: Ball
1-0: Ball
2-0: Bunt missed!
2-1: Ball
3-1: Sac Bunt - play at first, batter OUT! 1-4
Marcos Rico to second
Pinch Hitting: RHB José Valéncia 0-0: Intentional Walk
Pinch Hitting: RHB Enrique Correa 0-0: Ground out U3 (Groundball, 3S)
Marcos Rico to third
José Valéncia to second
Batting: RHB Bill Tan 0-0: Ball
1-0: Ball
2-0: Ball
3-0: Called Strike
3-1: Base on Balls
Batting: RHB Gil Simmons 0-0: Reached on error, E4 (Line Drive, 4D)
Marcos Rico scores
Monday, March 20th, 2017 - OOTP Baseball 17.12 Build 75